General information
- name: Sovereign
- type: Custom game
- host: Sovereign-
- saver: VELOX_NEB
map: TwistedMeadows
- players: 6
- length: 10:56
- speed: Fast
- version: 1.21 W3XP
- replay type: Public
» download(36 KB)
Players
team 1 (loser)
Black_Irish (
purple | 70 APM | 768 actions | 10:54)
3 Demon Hunter
2 Mana Burn
1 Evasion
1 Beastmaster
1 Summon Quilbeast
» actions
| Assign group hotkey | 3 | |
| Basic commands | 1 | |
| Build / train | 46 | |
| Enter build submenu | 7 | |
| Enter hero's abilities submenu | 4 | |
| Remove unit from queue | 2 | |
| Right click | 369 | |
| Select / deselect | 249 | |
| Select group hotkey | 39 | |
| Use ability | 48 | |
768 total
» units
» buildings
| Altar of Elders | 1 | |
| Moon Well | 3 | |
| Ancient of War | 1 | |
| Tree of Ages | 1 | |
| Hunter's Hall | 1 | |
7 total
» build order
00:07 Altar of Elders
00:24 Moon Well
00:44 Ancient of War
01:37 Moon Well
05:13 Tree of Ages
05:40 Hunter's Hall
05:51 Moon Well
team 2 (winner)
VELOX_NEB (
pink | 88 APM | 963 actions | 10:56)
3 Far Seer
2 Feral Spirit
1 Chain Lighting
2 Goblin Tinker
1 Pocket Factory
1 Engineering Upgrade
» actions
| Assign group hotkey | 22 | |
| Basic commands | 147 | |
| Build / train | 38 | |
| ESC pressed | 1 | |
| Enter build submenu | 18 | |
| Enter hero's abilities submenu | 5 | |
| Remove unit from queue | 2 | |
| Right click | 373 | |
| Select / deselect | 246 | |
| Select group hotkey | 80 | |
| Use ability | 31 | |
963 total
» units
» buildings
| Altar of Storms | 1 | |
| Orc Burrow | 4 | |
| Barracks | 1 | |
| Stronghold | 1 | |
| Voodoo Lounge | 1 | |
| War Mill | 1 | |
| Watch Tower | 7 | |
16 total
» build order
00:11 Altar of Storms
00:22 Orc Burrow
00:38 Barracks
01:40 Orc Burrow
02:56 Stronghold
03:24 Voodoo Lounge
03:49 War Mill
04:19 Orc Burrow
05:01 Orc Burrow
06:32 Watch Tower
07:53 Watch Tower
08:05 Watch Tower
08:06 Watch Tower
09:00 Watch Tower
09:05 Watch Tower
10:06 Watch Tower
» items
| Healing Salve | 1 | |
| Scroll of Speed | 1 | |
2 total
observersSovereign-,
Leah_Dizon,
erz,
Tecnolife Chat log
(00:32 / All) VELOX_NEB: GL hf
(08:54 / All) VELOX_NEB: lagging is bad manner
(09:57 / All) Black_Irish: ur gay as fuck
(10:02 / All) VELOX_NEB: gg man
(10:09 / All) VELOX_NEB: erz is better btw
(10:13 / All) VELOX_NEB: so don't even bother
(10:25 / All) Black_Irish: at least admit if u werent gay u couldnt win cause u suck
(10:30 / All) Black_Irish: i just missed tower
(10:34 / All) VELOX_NEB: learn to win first
(10:39 / All) VELOX_NEB: then make demands
(10:42 / All) Black_Irish: off my tip then
(10:47 / All) Black_Irish: cause ublow
(10:52 / All) VELOX_NEB: well